 Dungeon Crawl Stone Soup version 0.29-a0-323-g050149af67 (webtiles) character file.

Game seed: 194021909738705903

6589 kae the Zephyrmancer (level 11, -4/88 HPs)
             Began as an Ogre Air Elementalist on Apr 11, 2022.
             Slain by a warg (12 damage)
             ... on level 9 of the Dungeon.
             The game lasted 00:12:28 (13255 turns).

kae the Zephyrmancer (Ogre Air Elementalist)       Turns: 13255, Time: 00:12:28

Health: -4/88      AC:  8    Str: 14    XL:     11   Next: 2%
Magic:  23/24      EV:  8    Int: 20    God:
Gold:   498        SH:  0    Dex:  9    Spells: 18/28 levels left

rFire   . . .      SeeInvis .   k - +1 dagger (venom)
rCold   . . .      Faith    .   (no shield)
rNeg    . . .      Spirit   .   m - +0 swamp dragon scales
rPois   +          Reflect  .   (helmet restricted)
rElec   .          Harm     .   (no cloak)
rCorr   .          Rampage  .   (gloves unavailable)
Will    +....                   (boots unavailable)
Stlth   +.........              o - amulet of magic regeneration
HPRegen 0.24/turn               q - ring of poison resistance
MPRegen 0.59/turn               (no ring)

@: about to teleport
A: large, unfitting armour, tough skin 1
a: no special abilities


You were on level 9 of the Dungeon.
You visited 2 branches of the dungeon, and saw 10 of its levels.

You collected 498 gold pieces.

Inventory:

Hand Weapons
 k - a +1 dagger of venom (weapon)
Armour
 a - a +1 robe
 m - +0 swamp dragon scales (worn)
 v - a +2 robe of willpower
Jewellery
 g - a ring of ice
 o - an amulet of magic regeneration (around neck)
 q - a ring of poison resistance (left hand)
Wands
 u - a wand of paralysis (3)
 y - a wand of digging (7)
Scrolls
 b - 2 scrolls of magic mapping
 d - 4 scrolls of teleportation
 j - 3 scrolls of amnesia
 n - a scroll of enchant weapon
 r - a scroll of holy word
 t - 5 scrolls of identify
 w - 2 scrolls of fog
Potions
 c - 3 potions of brilliance
 e - 3 potions of heal wounds
 f - 4 potions of curing
 h - 2 potions of flight
 i - 3 potions of might
 l - 4 potions of lignification
 p - a potion of haste
 s - a potion of mutation
 x - a potion of cancellation


   Skills:
 - Level 1.7 Dodging
 - Level 1.4 Stealth
 + Level 9.3 Spellcasting
 + Level 7.5 Conjurations
 * Level 11.0 Air Magic


You had 18 spell levels left.
You knew the following spells:

 Your Spells              Type           Power      Damage    Failure   Level
a - Shock                 Conj/Air       100%       1d9       1%          1
b - Static Discharge      Conj/Air       46%        N/A       1%          2
c - Swiftness             Air            52%        N/A       1%          3
d - Airstrike             Air            26%        N/A       1%          4

Your spell library contained the following spells:

 Spells                   Type           Power      Damage    Failure   Level
 Foxfire                  Conj/Fire      96%        2x1d8     3%          1
 Conjure Flame            Conj/Fire      24%        6-21      10%         3
 Dazzling Flash           Conj/Hex       48%        N/A       10%         3
 Lightning Bolt           Conj/Air       23%        1d38      10%         5
 Flame Wave               Conj/Fire      24%        2d7       32%         4
 Iskenderun's Mystic Bla  Conj/Tloc      24%        2d7       32%         4
 Inner Flame              Hex/Fire       9%         N/A       41%         3
 Ozocubu's Armour         Ice            9%         N/A       41%         3
 Starburst                Conj/Fire      12%        6d5       99%         6
 Ozocubu's Refrigeration  Ice            4%         4d5       100%        7
 Maxwell's Capacitive Co  Air            26%        ∞         100%        8


Dungeon Overview and Level Annotations

Branches:
Dungeon (9/15)             Temple (1/1) D:7             Orc (0/2) D:9
   Lair: D:8-11

Altars:
Ashenzari
Cheibriados
Dithmenos
Elyvilon
Fedhas
Gozag
Hepliaklqana
Kikubaaqudgha
Makhleb
Nemelex Xobeh
Okawaru
Qazlal
Ru
Sif Muna
Trog
Uskayaw
Vehumet
Wu Jian
Xom
Yredelemnul
Zin
The Shining One

Shops:
D:7 *   D:9 *

Annotations:
D:3 1 runed translucent door, Tribosh's ghost, amateur FeAE
D:4 Pikel


Innate Abilities, Weirdness & Mutations

You are too large for most types of armour.
You have tough skin. (AC +1)


Message History

You hit the warg.
The warg is lightly wounded.
The warg bites you.
You barely miss the warg.
The warg is lightly wounded.
The warg closely misses you. The warg attacks as you move away!
The warg bites you but does no damage. The warg bites you.
You hit the warg but do no damage.
The warg is lightly wounded.
The warg bites you!
You barely miss the warg.
The warg is lightly wounded.
The warg bites you. The warg attacks as you move away! The warg bites you.
You hit the warg but do no damage. The warg bites you.
The warg barely misses you.
You hit the warg but do no damage.
The warg is poisoned.
The warg barely misses you. The warg bites you!
As you read the scroll of teleportation, it crumbles to dust.
You feel strangely unstable. The warg barely misses you.
The warg bites you but does no damage. x2; The warg bites you!
* * * LOW HITPOINT WARNING * * *
Casting: Static Discharge (safe; 1% risk of failure)
Confirm with . or Enter, or press ? or * to list all spells.
The warg is struck by an arc of lightning!
The warg is moderately wounded.
The warg is struck by an arc of lightning.
The warg is lightly wounded.
The warg is struck by an arc of lightning.
The warg is moderately wounded.
The lightning grounds out.
The warg is struck by an arc of lightning!
The warg is heavily wounded.
The lightning grounds out.
The warg bites you!
* * * LOW HITPOINT WARNING * * *
The warg bites you.
* * * LOW HITPOINT WARNING * * *
The warg bites you!
You die...

.#.## ...........###...#
.#.###...#######.#....#..#
.#.......#§§§§§#.####.#..#
...###...#§...§#.#...... #
..## ...#§.∩.§#.#......#
### ##.#§...§#........# #
#..#§...§#.#...... #
#..###.###h#......
#.....hh{h@# .....
#..#...##### ..... #....##
#### #.### .. .> .


You could see 4 wargs.

Vanquished Creatures
  Erolcha (D:9)
  Joseph (D:7)
  Maggie (D:6)
  Prince Ribbit (D:8)
  3 shadows
  4 yaks
  Grum (D:8)
  Edmund (D:6)
  An acid dragon (D:9)
  3 water moccasins
  Duvessa (D:6)
  An ice beast (D:7)
  A sky beast (D:6)
  A black bear (D:6)
  3 ogres
  4 wolves (D:8)
  3 centaurs
  4 lemures
  2 phantoms (D:6)
  4 kobold brigands
  2 bullfrogs
  4 scorpions
  11 wights
  Dowan (D:6)
  5 killer bees (D:8)
  A howler monkey (D:8)
  A jelly (D:5)
  A gnoll shaman (D:7)
  An orc priest (D:6)
  2 hounds
  7 orc wizards
  Robin (D:3)
  9 gnolls
  10 adders
  A shadow imp (D:5)
  2 worms (D:2)
  2 dart slugs
  17 orcs
  4 bats
  12 endoplasms
  5 giant cockroaches
  22 goblins
  16 hobgoblins
  3 jackals (D:5)
  2 quokkas
  8 ball pythons
  A frilled lizard (D:3)
  17 kobolds
  6 rats
215 creatures vanquished.

Vanquished Creatures (others)
  4 fungi (D:5)
  3 toadstools (D:5)
7 creatures vanquished.

Grand Total: 222 creatures vanquished

Notes
Turn   | Place    | Note
-------+----------+-------------------------------------------
     0 | D:1      | kae the Ogre Air Elementalist began the quest for the Orb.
     0 | D:1      | Reached XP level 1. HP: 16/16 MP: 3/3
   237 | D:1      | Reached skill level 1 in Conjurations
   338 | D:1      | Reached XP level 2. HP: 24/24 MP: 3/5
   378 | D:1      | Reached skill level 3 in Air Magic
  1334 | D:2      | Reached XP level 3. HP: 31/31 MP: 2/7
  1337 | D:2      | Learned a level 2 spell: Static Discharge
  1341 | D:2      | Learned a level 3 spell: Swiftness
  2818 | D:2      | Found a faded altar of an unknown god.
  3280 | D:3      | Reached XP level 4. HP: 17/39 MP: 0/8
  3480 | D:3      | Found a runed translucent door.
  3482 | D:3      | Noticed Tribosh's ghost (amateur FeAE)
  3988 | D:4      | Noticed Robin
  4053 | D:3      | Killed Robin
  4409 | D:4      | Reached skill level 4 in Air Magic
  4802 | D:4      | Noticed a scorpion
  4805 | D:4      | Reached XP level 5. HP: 43/45 MP: 3/10
  5303 | D:4      | Noticed a lemure
  5303 | D:4      | Noticed a lemure
  5304 | D:4      | Noticed Pikel
  5340 | D:4      | Killed a lemure
  5359 | D:3      | Killed a lemure
  5654 | D:4      | Noticed a lemure
  5654 | D:4      | Noticed a lemure
  5687 | D:3      | HP: 2/45 [lemure[Pikel] (6)]
  5691 | D:3      | Killed a lemure
  5870 | D:3      | Killed a lemure
  6127 | D:4      | Learned a level 4 spell: Airstrike
  6298 | D:4      | Reached XP level 6. HP: 53/53 MP: 11/11
  6642 | D:4      | Reached skill level 5 in Air Magic
  6869 | D:5      | Entered Level 5 of the Dungeon
  6919 | D:5      | Reached XP level 7. HP: 19/59 MP: 7/13
  7384 | D:5      | Reached skill level 5 in Spellcasting
  7603 | D:5      | Reached skill level 6 in Air Magic
  7925 | D:6      | Reached XP level 8. HP: 60/67 MP: 3/16
  7961 | D:6      | Noticed Edmund
  8082 | D:6      | Killed Edmund
  8251 | D:6      | Noticed Maggie
  8254 | D:6      | Noticed Dowan
  8264 | D:6      | Killed Maggie
  8265 | D:6      | Reached skill level 7 in Air Magic
  8524 | D:6      | Noticed Duvessa
  8532 | D:6      | Killed Duvessa
  8533 | D:6      | Reached skill level 5 in Conjurations
  8533 | D:6      | Reached XP level 9. HP: 74/74 MP: 7/18
  8538 | D:6      | Killed Dowan
  8635 | D:6      | Reached skill level 8 in Air Magic
  8868 | D:7      | Found a staircase to the Ecumenical Temple.
  8888 | Temple   | Entered the Ecumenical Temple
  9407 | D:7      | Noticed Joseph
  9412 | D:7      | Killed Joseph
  9639 | D:7      | Reached skill level 9 in Air Magic
  9981 | D:7      | Found Rociokom's Serpentskin Sales.
  9991 | D:7      | Reached XP level 10. HP: 65/81 MP: 15/21
 10905 | D:8      | Reached skill level 10 in Air Magic
 11497 | D:8      | Found an opulent altar of Gozag.
 11639 | D:8      | Noticed Grum
 11645 | D:8      | Killed Grum
 12146 | D:8      | Noticed Prince Ribbit
 12156 | D:8      | Killed Prince Ribbit
 12373 | D:9      | Noticed Erolcha
 12564 | D:9      | Killed Erolcha
 12644 | D:9      | Reached skill level 11 in Air Magic
 12969 | D:9      | Reached XP level 11. HP: 86/88 MP: 16/24
 13226 | D:9      | Found Coowol's Changing Room.
 13238 | D:9      | Found a staircase to the Orcish Mines.
 13255 | D:9      | Slain by a warg

Illustrated notes

Levels and vault maps discovered:
D:1:      heliophobic_arrival_ceremonial_halls, layout_basic, serial_curves,
          eino_curves_01, eino_curves_02
D:2:      layout_loops_ring, shapermc_ecumenical_altar_flowoftime,
          minmay_misc_feat_pillars
D:3:      layout_rooms, ebering_ghost_sewer_d
D:4:      minmay_clustersquares, layout_basic, serial_glass, glass_columns_a,
          glass_columns_a, item_on_display_a, item_on_display_a,
          due_unseen_surprise, minmay_goblin_outpost, uniq_pikel, uniq_robin
D:5:      layout_rooms, mrwooster_statue_mirror, minmay_gold_behind_fungi
D:6:      layout_rooms, uniq_duvessa, uniq_maggie, uniq_edmund
D:7:      layout_cave_pools, minmay_temple_entry_junction, guppyfry_shop_venom,
          uniq_joseph
D:8:      layout_loops_ring, grunt_gozag_statues,
          hangedman_abyss_or_decor_stagger, uniq_prince_ribbit1, uniq_grum
D:9:      layout_rooms, minmay_orc_entry_guard_dogs, chequers_jeans,
          wad_floor_pattern_2, nicolae_transmutations_shop, uniq_erolcha
Temple:   mainiacjoe_temple_trianglar_array

Skill      XL: |  1  2  3  4  5  6  7  8  9 10 |
---------------+-------------------------------+-----
Conjurations   | 1 2 3 5 6 7 |  7.5
Air Magic      | 3 4 5 6 7 9 11 | 11.0
Spellcasting   | 3 4 5 6 7 9 |  9.3
Dodging        | |  1.7
Stealth        | |  1.4

Action                   |  1- 3 |  4- 6 |  7- 9 | 10-12 || total
-------------------------+-------+-------+-------+-------++-------
Melee: Unarmed           |    31 |     3 |       |       ||    34
       Punch             |     2 |       |     1 |       ||     3
       Dagger            |       |    37 |    18 |    27 ||    82
 Cast: Shock             |    84 |   142 |    66 |    36 ||   328
       Static Discharge  |    13 |    25 |    10 |    14 ||    62
       Airstrike         |       |       |    72 |    73 ||   145
       Swiftness         |       |       |     1 |       ||     1
  Use: Scroll            |     8 |     6 |     3 |     6 ||    23
       Potion            |       |     2 |     2 |     2 ||     6
Armor: Robe              |     9 |    22 |     6 |       ||    37
       Swamp dragon scal |       |       |     5 |    32 ||    37
Dodge: Dodged            |    20 |    45 |    27 |    62 ||   154

Table legend: (Time is in decaauts)
 A = Elapsed time spent in this place.
 B = Non-inter-level travel time spent in this place.
 C = Inter-level travel time spent in this place.
 D = Time resting spent in this place.
 E = Time spent auto-exploring this place.
 F = Levels seen in this place.
 G = Mean time per level.
                   A        B        C        D        E       F      G
               +--------+--------+--------+--------+--------+-----+--------+
         Total |  13287 |  12939 |    348 |   3245 |   8091 |  10 | 1328.7 |
       Dungeon |  12764 |  12461 |    303 |   3113 |   7753 |   9 | 1418.2 |
        Temple |    522 |    478 |     44 |    132 |    338 |   1 |  522.0 |
               +--------+--------+--------+--------+--------+-----+--------+

Top non-repeatable levels by time:
     D:3: 2050 daAuts
     D:1: 2030 daAuts
     D:8: 1838 daAuts
     D:4: 1666 daAuts
     D:7: 1535 daAuts
     D:5: 1186 daAuts
     D:2: 1130 daAuts
     D:6: 835 daAuts
  Temple: 522 daAuts
     D:9: 491 daAuts
